 Dungeon Crawl Stone Soup version 0.29-a0-350-g7790a0e70a (webtiles) character file.

Game seed: 768181106125202692

18 zeratav the Shooter (level 2, -2/16 HPs)
             Began as a Deep Elf Hunter on Apr 22, 2022.
             Slain by a gnoll
             ... wielding a +3 flail of protection
              (8 damage)
             ... on level 1 of the Dungeon.
             The game lasted 00:00:42 (683 turns).

zeratav the Shooter (Deep Elf Hunter)                Turns: 683, Time: 00:00:42

Health: -2/16      AC:  3    Str:  8    XL:     2   Next: 51%
Magic:  4/4        EV: 12    Int: 13    God:
Gold:   58         SH:  0    Dex: 18    Spells: 1/1 levels left

rFire   . . .      SeeInvis .   a - +1 shortbow {bow}
rCold   . . .      Faith    .   (shield currently unavailable)
rNeg    . . .      Spirit   .   b - +0 leather armour
rPois   .          Reflect  .   (no helmet)
rElec   .          Harm     .   (no cloak)
rCorr   .          Rampage  .   (no gloves)
Will    .....                   (no boots)
Stlth   ++........              (no amulet)
HPRegen 0.05/turn               (no ring)
MPRegen 0.09/turn               (no ring)

@: no status effects
A: no striking features
a: no special abilities


You were on level 1 of the Dungeon.
You visited 1 branch of the dungeon, and saw 2 of its levels.

You collected 58 gold pieces.


   Skills:
 - Level 1.5 Fighting
 + Level 6.3 Bows
 - Level 2.4 Dodging
 - Level 1.2 Stealth


You had one spell level left.
You didn't know any spells.
Your spell library contained the following spells:

 Spells                   Type           Power      Damage    Failure   Level
 Sting                    Tmut/Pois      0%         1d3       41%         1
 Poisonous Vapours        Pois/Air       0%         N/A       56%         2
 Olgreb's Toxic Radiance  Pois           0%         N/A       99%         4

Inventory:

Hand Weapons
 a - a +1 shortbow (weapon) {bow}
Armour
 b - a +0 leather armour (worn)
 d - a +0 robe
   (You found it on level 1 of the Dungeon)
 g - a +0 chain mail
   (You found it on level 1 of the Dungeon)
 i - a +0 robe
   (You found it on level 1 of the Dungeon)
Scrolls
 c - a scroll of immolation {!r!r}
 f - a scroll of blinking {unknown}
 h - 2 scrolls of identify {unknown}
Potions
 e - 3 potions of mutation {unknown}

Dungeon Overview and Level Annotations

Branches:
Dungeon (2/15)

Altars:

#.........#......####.#.#
#......).................
#.........#......####.#..
########..#..)...# #....
####..#......# #####
#.##..#......# #...
#.....######## #...
#.##g#############...
#...@)...........'...
##################...
############ #...
#..........# #...
#..........######...
#...................
##########..........
#.......... #..........


You could see a gnoll.


Message History

No target in view!
No target in view!
No target in view!
No target in view!
No target in view!
No target in view!
No target in view!
No target in view!
No target in view!
No target in view!
No target in view!
No target in view!
A bat comes into view.
A bat is nearby!
You shoot an arrow. The arrow hits the bat!
You kill the bat!
No target in view!
No target in view!
No target in view!
No target in view!
No target in view!
No target in view!
You see here a bat corpse.
Found a stone staircase leading down.
You now have 58 gold pieces (gained 6).
There is a stone staircase leading down here.
You open the door.
There is an open door here.
i - a +0 robe
Found a stone staircase leading down.
There is a stone staircase leading down here.
A quokka comes into view.
You shoot an arrow. The arrow hits the quokka.
You shoot an arrow. The arrow hits the quokka.
You shoot an arrow. The arrow hits the quokka.
You kill the quokka!
Your Bows skill increases to level 6!
You have reached level 2!
No target in view!
HP[+4] MP[+1]
You now have 16 max hp (+4).
Your hp is fully restored (16).
Your mp is fully restored (4).
e - 2 grey potions (gained 1)
h - 2 scrolls labelled BIM BYEHISER (gained 1)
e - 3 grey potions (gained 1) Done exploring.
Done exploring.
Done exploring.
No target in view!
Done exploring.
(D) Dungeon
Where to? (? - help)
You open the door.
There is an open door here.
There is a stone staircase leading down here.
You climb downwards.
The gnoll shouts! x3
There is a stone staircase leading up here.
There are monsters nearby!
You shoot an arrow. The arrow hits the gnoll!
The gnoll hits you from afar with a +0 spear.
The gnoll barely misses you.
HP[-5]
You take 5 damage, and now have 11/16 hp.
MASSIVE DAMAGE!! (PAUSE)
You are too injured to fight recklessly!
The gnoll barely misses you. The gnoll misses you.
You climb upwards.
There is a stone staircase leading down here.
You are too injured to fight recklessly!
You are too injured to fight recklessly!
Shoot: a) +1 shortbow {bow}
Press: ? - help, Q - select action Shift-Dir - straight line, f - gnoll
Aim: a gnoll, wielding a +0 spear (almost dead, 69% to hit)
You shoot an arrow. The arrow hits the gnoll.
You kill the gnoll!
You start resting.
HP[+5]
Your hp is fully restored (16).
You climb downwards.
The gnoll hits you with a +3 flail of protection.
There is a stone staircase leading up, spattered with blood here.
HP[-4]
You take 4 damage, and now have 12/16 hp.
MASSIVE DAMAGE!! (PAUSE)
The gnoll barely misses you.
The gnoll hits you from afar with a +0 spear.
* * * LOW HITPOINT WARNING * * *
You climb upwards.
There is a stone staircase leading down here.
HP[-6]
You take 6 damage, and now have 6/16 hp.
MASSIVE DAMAGE!! (PAUSE) Shoot: a) +1 shortbow {bow}
Press: ? - help, Q - select action Shift-Dir - straight line, f - gnoll
Aim: a gnoll, wielding a +3 flail of protection and quivering a throwing net (69% to hit)
You shoot an arrow. The arrow barely misses the gnoll.
The gnoll hits you with a +3 flail of protection!
Ouch! That really hurt!
You die...

Skill      XL: |  1 |
---------------+----+-----
Bows           | 6 |  6.3
Fighting       | |  1.5
Dodging        | |  2.4
Stealth        | |  1.2

Action                   || total
-------------------------++-------
 Fire: Shortbow          ||    18
Dodge: Dodged            ||     4

Levels and vault maps discovered:
D:1:      lightli_arrival_chessboard, layout_basic,
          chequers_ecumenical_altar_simple_redux
D:2:      layout_loops_corners

Notes
Turn   | Place    | Note
-------+----------+-------------------------------------------
     0 | D:1      | zeratav the Deep Elf Hunter began the quest for the Orb.
     0 | D:1      | Reached XP level 1. HP: 12/12 MP: 3/3
     0 | D:1      | magus.rc [v1.9.6]
    39 | D:1      | You add the spells Sting, Poisonous Vapours and Olgreb's
                  | Toxic Radiance to your library.
    64 | D:1      | Found a faded altar of an unknown god.
   528 | D:1      | Reached skill level 6 in Bows
   528 | D:1      | Reached XP level 2. HP: 16/16 MP: 4/4
   683 | D:1      | Slain by a gnoll

Vanquished Creatures
  A gnoll (D:1)
  A giant cockroach (D:1)
  A quokka (D:1)
  3 ball pythons (D:1)
  A bat (D:1)
  2 frilled lizards (D:1)
  A goblin (D:1)
  A rat (D:1)
11 creatures vanquished.

Table legend:
 A = Non-vault XP
 B = Vault XP
 C = Vault XP percentage of total XP
 D = Non-vault monster count
 E = Vault monster count
 F = Vault count percentage of total count
                 A         B        C        D         E       F
            +---------+---------+-------+---------+---------+-------
      Total |      27 |       0 |   0.0 |      11 |       0 |   0.0
            +---------+---------+-------+---------+---------+-------
        D:1 |      27 |       0 |   0.0 |      11 |       0 |   0.0
            +---------+---------+-------+---------+---------+-------

Illustrated notes

Table legend:
 A = Kills in this place as a percentage of kills in entire the game.
 B = Kills by you in this place as a percentage of kills by you in the entire game.
 C = Kills by friends in this place as a percentage of kills by friends in the entire game.
 D = Other kills in this place as a percentage of other kills in the entire game.
 E = Experience gained in this place as a percentage of experience gained in the entire game.
 F = Experience gained in this place divided by the number of levels of this place that you have seen.
                   A       B       C       D       E      F
               +-------+-------+-------+-------+-------+----------------------
         Total | 100.0 | 100.0 |   N/A |   N/A | 100.0 |  13.5
       Dungeon | 100.0 | 100.0 |   N/A |   N/A | 100.0 |  13.5
               +-------+-------+-------+-------+-------+----------------------

Table legend: (Time is in decaauts)
 A = Elapsed time spent in this place.
 B = Non-inter-level travel time spent in this place.
 C = Inter-level travel time spent in this place.
 D = Time resting spent in this place.
 E = Time spent auto-exploring this place.
 F = Levels seen in this place.
 G = Mean time per level.
                   A        B        C        D        E       F      G
               +--------+--------+--------+--------+--------+-----+--------+
         Total |    688 |    659 |     29 |     94 |    516 |   2 |  344.0 |
       Dungeon |    688 |    659 |     29 |     94 |    516 |   2 |  344.0 |
               +--------+--------+--------+--------+--------+-----+--------+

Top non-repeatable levels by time:
     D:1: 683 daAuts
     D:2: 5 daAuts
